AoeStats
← sophia

MegaRandom

510191983Analyzed
3v3 RM · 3d ago on Sep 29, 2026· 44m 14s· 6 players
Game mode
Random Map
Map size
Normal (6 player)
Population
200
Speed
Normal
Resources
Standard
Victory
Conquest
Starting age
Dark Age
Ending age
Imperial Age
RankedLock teamsTeams togetherTeam positionsShared explorationLock speedFull tech treeHidden civsTurbo modeCheats
Victory
Defeat
🇦🇷 Lithuanians · Argentina
629
+15
🇦🇷 Persians · Argentina
612
+15
🇦🇷 Goths · Argentina
612
+15
🇮🇹 Wei · Italy
655
-17
🇹🇷 Turks · Türkiye
585
-15
🇩🇪 Persians · Germany
553
-13
Legolas
8:09 Loom
11:21 Feudal Age
21:46 Castle Age
20:06 Horse Collar
20:14 Double-Bit Axe
20:22 Stone Mining
20:25 Gold Mining
21:45 Padded Archer Armor
21:36 Fletching
24:04 Bow Saw
24:32 Gold Shaft Mining
26:10 Heavy Plow
26:43 Treadmill Crane
29:26 Wheelbarrow
30:23 Fortified Wall
sophia
8:45 Loom
11:40 Feudal Age
10:03 Loom
13:02 Double-Bit Axe
15:33 Castle Age
13:28 Horse Collar
14:00 Scale Barding Armor
14:08 Forging
16:44 Chain Barding Armor
18:11 Iron Casting
23:50 Bow Saw
24:20 Gold Mining
26:39 Bloodlines
29:28 Husbandry
xdoppiadx
11:40 Feudal Age
12:13 Double-Bit Axe
17:32 Castle Age
15:41 Horse Collar
16:42 Gold Mining
18:32 Bow Saw
19:44 Heavy Plow
23:06 Caravan
25:12 Wheelbarrow
26:35 Loom
28:42 Hand Cart
35:11 Treadmill Crane
35:42 Fortified Wall
35:29 Murder Holes
38:09 Imperial Age
35:30 Town Watch
35:43 Stone Mining
36:29 Gold Shaft Mining
36:55 Scale Mail Armor
37:00 Scale Barding Armor
38:31 Heated Shot
38:52 Masonry
39:10 Forging
39:20 Chain Barding Armor
39:01 Padded Archer Armor
39:26 Pikeman
40:06 Squires
39:52 Arson
39:31 Onager
40:49 Chain Mail Armor
41:19 Tuntian
41:40 Conscription
41:44 Man-at-Arms
42:22 Halberdier
Khavy7047
11:38 Feudal Age
13:55 Double-Bit Axe
20:07 Castle Age
25:10 Gold Mining
Mannu5899
11:32 Feudal Age
12:03 Horse Collar
12:14 Double-Bit Axe
17:16 Gold Mining
20:54 Wheelbarrow
20:19 Stone Mining
22:54 Bloodlines
25:34 Castle Age
26:25 Husbandry
26:55 Hand Cart
28:44 Heavy Plow
36:17 Imperial Age
37:24 Bow Saw
37:03 Town Watch
37:58 Gold Shaft Mining
38:02 Stone Shaft Mining
37:35 Caravan
37:20 Cavalier
Danilo98332
13:16 Feudal Age
18:10 Castle Age
18:14 Forging
18:04 Scale Mail Armor
21:11 Double-Bit Axe
21:19 Gold Mining
23:17 Chain Mail Armor
31:55 Anarchy
40:48 Loom
Connection lost

Rejoining the realm…

Still unreachable

The connection could not be restored.

Session expired

The server has moved on; the page needs a fresh start.